 Dungeon Sprint DCSS version 0.21.1-1-g345015f (webtiles) character file.

525 Fang the Fighter (level 7, -3/79 HPs)
             Began as a Gargoyle Berserker on June 27, 2018.
             Was a High Priest of Trog.
             Killed from afar by an efreet (23 damage)
             ... with a fireball
             ... in the Dungeon (Sprint VII: "The Pits").
             The game lasted 00:02:32 (578 turns).

Fang the Fighter (Gargoyle Berserker)                Turns: 578, Time: 00:02:32

Health: -3/79      AC:  7    Str: 28    XL:     7   Next: 23%
Magic:  7/7        EV: 14    Int:  7    God:    Trog [*****.]
Gold:   0          SH:  0    Dex:  9    Spells: 6/6 levels left

rFire    . . .     SeeInvis .   m - +1 hand axe (chop)
rCold    . . .     Gourm    .   (no shield)
rNeg     + . .     Faith    .   b - +0 animal skin
rPois    ∞         Spirit   .   (no helmet)
rElec    +         Reflect  .   (no cloak)
rCorr    .         Harm     .   (no gloves)
MR       .....     NoTele   +   (no boots)
Stlth    ..........             (no amulet)
HPRegen  0.23/turn              (no ring)
MPRegen  0.10/turn              (no ring)

@: berserking, very quick
A: negative energy resistance 1, electricity resistance, unbreathing,
petrification resistance, rot immunity, AC +4
a: Berserk, Trog's Hand, Brothers in Arms, Burn Spellbooks, Renounce Religion


You were in the Dungeon.
You worshipped Trog.
Trog was extremely pleased with you.
You were not hungry.

You visited 1 branch

Inventory:

Hand Weapons
 j - a +2 hand axe
 m - a +1 hand axe of chopping (weapon)
Missiles
 n - 8 exploding tomahawks (quivered)
Armour
 b - a +0 animal skin (worn)
Scrolls
 i - a scroll of blinking
 k - 3 scrolls of remove curse
 l - a scroll of summoning
Potions
 a - 2 potions of invisibility
 d - 6 potions of curing
 e - 6 potions of heal wounds
 f - a potion of haste
 g - 4 potions of magic
 h - 3 potions of berserk rage
Comestibles
 c - 7 rations


   Skills:
 + Level 10.3 Fighting
 + Level 9.3 Axes
 + Level 5.4 Armour
 + Level 5.0 Dodging
 + Level 0.1 Stealth


You had 6 spell levels left.
You didn't know any spells.

Dungeon Overview and Level Annotations

Branches:
Dungeon (1/1)

Altars:
Ashenzari
Cheibriados
Dithmenos
Elyvilon
Fedhas
Gozag
Hepliaklqana
Kikubaaqudgha
Makhleb
Nemelex Xobeh
Okawaru
Qazlal
Ru
Sif Muna
Trog
Uskayaw
Vehumet
Wu Jian
Xom
Yredelemnul
Zin
The Shining One
Beogh
Jiyva
Lugonu


Innate Abilities, Weirdness & Mutations

You are resistant to torment.
Your stone body is resilient. (AC +4)
You are immune to poison.
You resist negative energy. (rN+)
You are resistant to electric shocks. (rElec)
You can survive without breathing.
You are immune to petrification.
You are immune to rotting.


Message History

The efreet gestures at you. The bolt of fire hits you!
A red film seems to cover your vision as you go berserk!
You feel yourself moving faster!
You feel mighty!
You feel a lot more hungry. The efreet gestures at you.
The fireball explodes!
The fireball engulfs you!
You are too injured to fight recklessly!
You feel a strong urge to attack something.
The efreet hits you with a scimitar of flaming!
The efreet burns you.
* * * LOW HITPOINT WARNING * * *
There is an open door here.
You are too injured to fight recklessly!
You slash the efreet!
The efreet is moderately wounded.
You slash the efreet!
The efreet is severely wounded.
The efreet gestures at you.
The fireball explodes!
The fireball engulfs you!
You die...

#.#........##.......#
#.#........##.......#
#)###########.......#
#.)[....# #########
#††.#...# #...#...#
#.##.##.#+#
#...#...#R+
#...#...#@#
#.......'.#
###########


You could see an efreet.

Vanquished Creatures
  A hungry ghost (D)
  3 floating eyes (D)
  An orc priest (D)
  An orc wizard (D)
  A worker ant (D)
  A mummy (D)
  An adder (D)
  A leopard gecko (D)
  An orc (D)
  A bat (D)
  A giant cockroach (D)
  A quokka (D)
  A frilled lizard (D)
  A quokka zombie (D)
  2 rats (D)
18 creatures vanquished.

Notes
Turn   | Place    | Note
-------+----------+-------------------------------------------
     0 | D        | Fang the Gargoyle Berserker began the quest for the Orb.
     0 | D        | Reached XP level 1. HP: 14/14 MP: 1/1
    15 | D        | Noticed a floating eye
    20 | D        | Killed a floating eye
    20 | D        | Reached skill level 6 in Fighting
    20 | D        | Reached skill level 5 in Axes
    20 | D        | Reached XP level 2. HP: 23/23 MP: 2/2
    20 | D        | Reached XP level 3. HP: 28/28 MP: 3/3
    20 | D        | Reached XP level 4. HP: 32/32 MP: 4/4
   171 | D        | Found a bloodstained altar of Trog.
   171 | D        | Found a deep blue altar of Sif Muna.
   171 | D        | Found a viscous altar of Jiyva.
   171 | D        | Found a hazy altar of Hepliaklqana.
   171 | D        | Found an opulent altar of Gozag.
   172 | D        | Found a glowing golden altar of the Shining One.
   172 | D        | Found a glowing silver altar of Zin.
   172 | D        | Found a basalt altar of Yredelemnul.
   172 | D        | Found a shimmering altar of Xom.
   172 | D        | Found an ornate altar of the Wu Jian Council.
   172 | D        | Found a sacrificial altar of Ru.
   172 | D        | Found a stormy altar of Qazlal.
   172 | D        | Found an iron altar of Okawaru.
   172 | D        | Found a sparkling altar of Nemelex Xobeh.
   172 | D        | Found a burning altar of Makhleb.
   172 | D        | Found a blossoming altar of Fedhas.
   172 | D        | Found a white marble altar of Elyvilon.
   172 | D        | Found a shadowy altar of Dithmenos.
   172 | D        | Found a snail-covered altar of Cheibriados.
   175 | D        | Found a corrupted altar of Lugonu.
   175 | D        | Found a radiant altar of Vehumet.
   175 | D        | Found a roughly hewn altar of Beogh.
   177 | D        | Found a shattered altar of Ashenzari.
   177 | D        | Found an ancient bone altar of Kikubaaqudgha.
   177 | D        | Found a hide-covered altar of Uskayaw.
   215 | D        | Noticed a floating eye
   219 | D        | Paralysed by a floating eye for 3 turns
   222 | D        | Killed a floating eye
   222 | D        | Reached ** piety under Trog
   222 | D        | Reached skill level 8 in Fighting
   222 | D        | Reached XP level 5. HP: 40/40 MP: 5/5
   243 | D        | Reached *** piety under Trog
   244 | D        | Noticed a hungry ghost
   262 | D        | Paralysed by fainting for 9 turns
   271 | D        | Paralysed by fainting for 5 turns
   290 | D        | Killed a hungry ghost
   290 | D        | Reached skill level 9 in Fighting
   290 | D        | Reached skill level 5 in Armour
   290 | D        | Reached XP level 6. HP: 29/47 MP: 6/6
   504 | D        | Reached **** piety under Trog
   509 | D        | Reached ***** piety under Trog
   509 | D        | Reached skill level 10 in Fighting
   560 | D        | Noticed a floating eye
   561 | D        | Paralysed by a floating eye for 3 turns
   568 | D        | Killed a floating eye
   568 | D        | Received a gift from Trog
   568 | D        | Reached skill level 5 in Dodging
   568 | D        | Reached XP level 7. HP: 53/53 MP: 7/7
   574 | D        | Noticed an efreet
   578 | D        | Killed from afar by an efreet

Skill      XL: |  1  2  3  4  5  6 |
---------------+-------------------+-----
Fighting       | 6 8 9 10 | 10.3
Axes           | 5 7 8 9 |  9.3
Armour         | 3 4 5 |  5.4
Dodging        | 2 3 4 5 |  5.0
Stealth        | |  0.1

Action                   |  1- 3 |  4- 6 |  7- 9 || total
-------------------------+-------+-------+-------++-------
Melee: Hand axe          |     3 |    61 |     2 ||    66
Invok: Berserk           |     1 |     1 |     1 ||     3
  Eat: Ration            |       |     2 |       ||     2
       Chunk             |       |     2 |       ||     2
Armor: Animal skin       |       |    26 |       ||    26
Dodge: Dodged            |       |    20 |       ||    20
